 Dungeon Crawl Stone Soup version 0.22-a0-422-g9628fc8 (webtiles) character file.

19 Borgoz the Chopper (level 2, 0/25 HPs)
             Began as a Minotaur Gladiator on May 22, 2018.
             Killed from afar by Natasha (5 damage)
             ... with a magic dart
             ... on level 2 of the Dungeon.
             The game lasted 00:00:29 (854 turns).

Borgoz the Chopper (Minotaur Gladiator)              Turns: 854, Time: 00:00:30

Health: 0/25       AC:  3    Str: 18    XL:     2   Next: 55%
Magic:  1/1        EV: 13    Int:  5    God:
Gold:   47         SH:  0    Dex: 11    Spells: 1/1 levels left

rFire    . . .     SeeInvis .   a - +0 war axe
rCold    . . .     Gourm    .   (no shield)
rNeg     . . .     Faith    .   b - +0 leather armour
rPois    .         Spirit   .   c - +0 hat
rElec    .         Reflect  .   (no cloak)
rCorr    .         Harm     .   (no gloves)
MR       .....                  (no boots)
Stlth    +.........             (no amulet)
HPRegen  0.08/turn              (no ring)
MPRegen  0.07/turn              (no ring)

@: slowed, very slow
A: retaliatory headbutt, horns 2
a: no special abilities


You were on level 2 of the Dungeon.
You were not hungry.

You visited 1 branch of the dungeon, and saw 2 of its levels.

You collected 47 gold pieces.

Inventory:

Hand Weapons
 a - a +0 war axe (weapon)
Missiles
 d - 3 throwing nets (quivered)
Armour
 b - a +0 leather armour (worn)
 c - a +0 hat (worn)
Wands
 g - a wand of iceblast (9)
Scrolls
 e - a scroll of blinking {unknown}
Comestibles
 f - 3 rations


   Skills:
 + Level 2.8 Fighting
 + Level 3.9 Axes
 - Level 2.0 Throwing
 + Level 1.1 Armour
 + Level 3.5 Dodging


You had one spell level left.
You didn't know any spells.
Your spell library was empty.

Dungeon Overview and Level Annotations

Branches:
Dungeon (2/15)

Altars:

Annotations:
D:2 Natasha


Innate Abilities, Weirdness & Mutations

You reflexively headbutt those who attack you in melee.
You have a pair of horns on your head.


Message History

Natasha is almost dead.
You slash the shadow imp!
You kill the shadow imp!
Natasha mumbles some strange words.
You closely miss Natasha.
Natasha is almost dead.
You hit the dart slug. Natasha misses you.
The crimson imp blinks!
The dart slug launches a dart at you. The slug dart hits you!
* * * LOW HITPOINT WARNING * * *
Unknown command.
You barely miss Natasha. Your headbutt misses Natasha.
Natasha is almost dead.
You slash the dart slug!
You kill the dart slug!
Natasha casts a spell at you.
You feel yourself slow down. Natasha casts a spell at you.
The magic dart hits you!
You die...

######.###....
#..<#....#....
#.#.#..#.....#
...........#
###..%.....##
#......?....##
#..)h†.#....
#...@.§..$..
#...(.5.####
#...(...#
#####.#.#
#.#####(#.# ###
#.......#.#....
#####..........
#........#####
#.##.#.......#


You could see Natasha and a crimson imp.

Vanquished Creatures
  A dart slug (D:2)
  A leopard gecko (D:2)
  A goblin (D:1)
  6 hobgoblins
  2 bats
  A frilled lizard (D:1)
  3 kobolds
15 creatures vanquished.

Notes
Turn   | Place    | Note
-------+----------+-------------------------------------------
     0 | D:1      | Borgoz the Minotaur Gladiator began the quest for the Orb.
     0 | D:1      | Reached XP level 1. HP: 18/18 MP: 0/0
   362 | D:1      | Reached XP level 2. HP: 23/25 MP: 1/1
   620 | D:1      | Reached skill level 1 in Armour
   844 | D:2      | Noticed Natasha
   853 | D:2      | Noticed a crimson imp
   854 | D:2      | Killed from afar by Natasha

Vault maps used:
D:1:      lemuel_arrival_river_ford, serial_forest,
          infiniplex_forest_clump_small, infiniplex_forest_join,
          infiniplex_forest_lined_3, infiniplex_forest_lined_1,
          infiniplex_forest_fountain, infiniplex_forest_clump_tiny,
          infiniplex_forest_straight_3, infiniplex_forest_end_2
D:2:      first_ration, kennysheep_decorative_pillar, uniq_natasha

Skill      XL: |  1  2 |
---------------+-------+-----
Armour         | 1 |  1.1
Fighting       | |  2.8
Axes           | |  3.9
Throwing       | |  2.0
Dodging        | |  3.5

Action                   || total
-------------------------++-------
Melee: War axe           ||    24
       Headbutt          ||     6
Armor: Leather armour    ||    13
Dodge: Dodged            ||    16

Table legend:
 A = Spawn XP
 B = Non-spawn XP
 C = Spawn XP percentage of total XP
 D = Spawn monster count
 E = Non-spawn monster count
 F = Spawn count percentage of total count
 G = Total turns spent on level
                    A         B        C        D         E        F      G
               +---------+---------+-------+---------+---------+-------+---------
         Total |       0 |      28 |   0.0 |       0 |      15 |   0.0 |   854
               +---------+---------+-------+---------+---------+-------+---------
           D:1 |       0 |      15 |   0.0 |       0 |       9 |   0.0 |   804
           D:2 |       0 |      13 |   0.0 |       0 |       6 |   0.0 |    50
               +---------+---------+-------+---------+---------+-------+---------
